 Dungeon Sprint DCSS version 0.29-a0-356-g7bc237e783 (webtiles) character file.

Game seed: 8855231700004295946

1451 Zeldest the Grappler (level 8, -3/69 HPs)
             Began as a Demonspawn Fighter on Apr 25, 2022.
             Was an Initiate of Jiyva.
             Hit by a large rock thrown by a cyclops (18 damage)
             ... in the Dungeon (Sprint IX: "|||||||||||||||||||||||||||||").
             The game lasted 00:02:04 (222 turns).

Zeldest the Grappler (Demonspawn Fighter)            Turns: 222, Time: 00:02:04

Health: -3/69      AC: 16    Str: 18    XL:     8   Next: 47%
Magic:  8/8        EV: 11    Int:  9    God:    Jiyva [......]
Gold:   0          SH:  0    Dex: 14    Spells: 7/7 levels left

rFire   . . .      SeeInvis .     - Unarmed
rCold   . . .      Faith    .   b - +0 buckler
rNeg    . . .      Spirit   .   n - +1 chain mail
rPois   .          Reflect  .   m - +0 helmet
rElec   .          Harm     .   (no cloak)
rCorr   .          Rampage  .   l - +0 pair of gloves
Will    .....      NoTele   +   (no boots)
Stlth   ..........              (no amulet)
HPRegen 0.21/turn               o - +2 ring of evasion
MPRegen 0.11/turn               p - +2 ring of protection

@: confused, mighty, hasted, very quick
A: hooves 2, spiny 1, demonic magic 2, weakness stinger 1
a: Renounce Religion


You were in the Dungeon.
You worshipped Jiyva.
Jiyva was noncommittal.
You visited 1 branch

Inventory:

Armour
 a - a +0 scale mail
 b - a +0 buckler (worn)
 l - a +0 pair of gloves (worn)
 m - a +0 helmet (worn)
 n - a +1 chain mail (worn)
Jewellery
 o - a +2 ring of evasion (left hand)
 p - a +2 ring of protection (right hand)
Wands
 k - a wand of iceblast (8)
Scrolls
 i - 2 scrolls of blinking
 j - 2 scrolls of amnesia
Potions
 d - a potion of curing
 e - a potion of heal wounds
 g - 4 potions of magic


   Skills:
 + Level 8.3 Fighting
 + Level 7.7 Armour
 + Level 7.0 Dodging
 + Level 7.6 Shields
 * Level 10.4 Unarmed Combat


You had 7 spell levels left.
You didn't know any spells.
Your spell library was empty.

Dungeon Overview and Level Annotations

Branches:
Dungeon (1/1)

Altars:
Cheibriados
Dithmenos
Elyvilon
Fedhas
Gozag
Hepliaklqana
Kikubaaqudgha
Makhleb
Nemelex Xobeh
Okawaru
Qazlal
Ru
Sif Muna
Trog
Uskayaw
Vehumet
Wu Jian
Xom
Yredelemnul
Zin
The Shining One
Beogh
Jiyva
Lugonu


Innate Abilities, Weirdness & Mutations

You have hoof-like feet.
You are partially covered in sharp spines.
Spells you cast may paralyse nearby enemies.
You have a small tail.


Message History

You hit the green ugly thing. You tail-slap the green ugly thing.
The green ugly thing is severely wounded.
The green ugly thing is struck by your spines.
The green ugly thing gores you.
You are poisoned.
The green ugly thing poisons you!
You closely miss the green ugly thing.
The green ugly thing is severely wounded.
You feel very sick. The green ugly thing barely misses you.
You punch the green ugly thing! Your kick misses the green ugly thing.
The green ugly thing is almost dead.
You feel very sick.
You hit the green ugly thing.
The green ugly thing is almost dead.
You feel sick.
The green ugly thing is struck by your spines.
The green ugly thing gores you!
You closely miss the green ugly thing. You kick the green ugly thing!
You kill the green ugly thing!
You feel very sick.
Your Fighting skill increases to level 8!
Your Dodging skill increases to level 7!
Your Unarmed Combat skill increases to level 10!
You feel better.
You hear some strange, mumbled words.
You are confused.
You miss something. Your kick misses something.
The meliai invokes the aid of its god against you.
Something smites you!
You bump into the unnaturally hard rock wall.
The meliai calls down the wrath of its god upon you.
Something smites you!
* * * LOW HITPOINT WARNING * * *
Something hits you but does no damage. Something bites you.
* * * LOW HITPOINT WARNING * * *
Something draws strength from your injuries!
You're too confused to move!
The cyclops throws a large rock.
The large rock hits you!!
You die... ▓▓▓▓▓▓▓▓▓▓▓▓▓▓▓▓▓▓▓▓▓▓▓▓▓ ....TyC{@.)..'......)..'_ ▓▓▓▓▓▓▓▓▓▓▓▓▓▓▓▓▓▓▓▓▓▓▓▓▓

You could see a cyclops, a troll and a meliai.

Vanquished Creatures
  An ugly thing (D)
  A troll (D)
  3 yaks (D)
  A vampire mosquito (D)
  A phantom (D)
  A necrophage (D)
  A wight (D)
  A howler monkey (D)
  An iguana (D)
  An orc (D)
  A giant cockroach (D)
  2 goblins (D)
  A jackal (D)
  A quokka (D)
  A rat (D)
18 creatures vanquished.

Vanquished Creatures (others)
  2 great orbs of eyes (D)
  An ogre mage (D)
  A glowing orange brain (D)
  A death drake (shapeshifter) (D)
  An ironbound convoker (D)
  A queen bee (shapeshifter) (D)
  5 slime creatures (D)
12 creatures vanquished.

Grand Total: 30 creatures vanquished

Notes
Turn   | Place    | Note
-------+----------+-------------------------------------------
     0 | D        | Zeldest the Demonspawn Fighter began the quest for the Orb.
     0 | D        | Reached XP level 1. HP: 18/18 MP: 1/1
     6 | D        | Reached skill level 2 in Unarmed Combat
    28 | D        | Reached skill level 1 in Dodging
    34 | D        | Noticed a necrophage
    34 | D        | Noticed an iguana
    34 | D        | Noticed a phantom
    42 | D        | Killed a phantom
    43 | D        | Reached skill level 4 in Unarmed Combat
    43 | D        | Discovered your monstrous ancestry.
    43 | D        | Gained mutation: You have large cloven feet. [demonic
                  | ancestry]
    43 | D        | Reached XP level 2. HP: 21/26 MP: 2/2
    43 | D        | Gained mutation: You have a small tail. [demonic ancestry]
    43 | D        | Reached XP level 3. HP: 24/31 MP: 3/3
    43 | D        | Gained mutation: Spells you cast may paralyse adjacent
                  | enemies. [demonic ancestry]
    43 | D        | Reached XP level 4. HP: 30/38 MP: 4/4
    46 | D        | Reached skill level 5 in Unarmed Combat
    50 | D        | Killed a necrophage
    51 | D        | Reached skill level 5 in Fighting
    51 | D        | Reached skill level 6 in Unarmed Combat
    51 | D        | Gained mutation: You are partially covered in sharp spines.
                  | [demonic ancestry]
    51 | D        | Reached XP level 5. HP: 33/44 MP: 5/5
    58 | D        | Found a snail-covered altar of Cheibriados.
    58 | D        | Found a shadowy altar of Dithmenos.
    58 | D        | Found a blossoming altar of Fedhas.
    58 | D        | Found an opulent altar of Gozag.
    59 | D        | Found a hazy altar of Hepliaklqana.
    60 | D        | Found a viscous altar of Jiyva.
    61 | D        | Found an ancient bone altar of Kikubaaqudgha.
    62 | D        | Found a corrupted altar of Lugonu.
    63 | D        | Found a burning altar of Makhleb.
    64 | D        | Found a sparkling altar of Nemelex Xobeh.
    65 | D        | Found an iron altar of Okawaru.
    66 | D        | Found a stormy altar of Qazlal.
    67 | D        | Found a sacrificial altar of Ru.
    68 | D        | Became a worshipper of Jiyva Jaolepn the Shapeless
    69 | D        | Found a shimmering blue altar of Sif Muna.
    69 | D        | Killed a slime creature
    69 | D        | Killed a great orb of eyes
    69 | D        | Killed an ironbound convoker
    70 | D        | Found a bloodstained altar of Trog.
    70 | D        | Killed a slime creature
    70 | D        | Killed a great orb of eyes
    70 | D        | Killed a slime creature
    71 | D        | Found a hide-covered altar of Uskayaw.
    71 | D        | Killed a glowing orange brain
    71 | D        | Killed a slime creature
    71 | D        | Killed a slime creature
    72 | D        | Found a radiant altar of Vehumet.
    73 | D        | Found an ornate altar of the Wu Jian Council.
    74 | D        | Found a shimmering altar of Xom.
    75 | D        | Found a basalt altar of Yredelemnul.
    78 | D        | Killed an ogre mage
    81 | D        | Killed a death drake
   124 | D        | Noticed a yak
   124 | D        | Noticed a yak
   124 | D        | Noticed a yak
   124 | D        | Noticed a troll
   129 | D        | Reached skill level 5 in Armour
   129 | D        | Reached skill level 5 in Shields
   142 | D        | Killed a troll
   143 | D        | Reached skill level 5 in Dodging
   143 | D        | Reached skill level 7 in Unarmed Combat
   143 | D        | Gained mutation: Spells you cast may paralyse nearby
                  | enemies. [demonic ancestry]
   143 | D        | Reached XP level 6. HP: 16/53 MP: 6/6
   147 | D        | Killed a yak
   148 | D        | Reached skill level 8 in Unarmed Combat
   148 | D        | Reached XP level 7. HP: 18/59 MP: 7/7
   158 | D        | Killed a yak
   159 | D        | Reached skill level 9 in Unarmed Combat
   168 | D        | Killed a yak
   189 | D        | Killed a queen bee
   207 | D        | Noticed a troll
   207 | D        | Noticed a meliai
   207 | D        | Noticed a cyclops
   207 | D        | Noticed a green ugly thing
   207 | D        | Noticed a vampire
   207 | D        | Noticed a vampire mosquito
   209 | D        | Killed a vampire mosquito
   210 | D        | Gained mutation: You have hoof-like feet. [demonic
                  | ancestry]
   210 | D        | Reached XP level 8. HP: 51/68 MP: 8/8
   217 | D        | Killed a green ugly thing
   218 | D        | Reached skill level 10 in Unarmed Combat
   222 | D        | Hit by a large rock thrown by a cyclops

Illustrated notes

Levels and vault maps discovered:
D:        linesprint [early_d, line_temple, items_1, d_10, items_2, lair_1,
          lair_end, items_3, orc_1, orc_end, items_4, d_15, swamp_1, shoals_1,
          snake_1, spider_1, d_20, vaults_1, items_5, swamp_end, shoals_end,
          snake_end, spider_end, vaults_end, d_27, items_6, zot_1, zot_end,
          crypt_end, forest_end, elf_end, slime_end, tomb_end, abyss_end,
          pan_hell_end]

Skill      XL: |  1  2  3  4  5  6  7  8 |
---------------+-------------------------+-----
Unarmed Combat | 4 6 7 8 9 10 | 10.4
Shields        | 4 6 7 |  7.6
Armour         | 4 5 6 7 |  7.7
Dodging        | 2 3 5 6 7 |  7.0
Fighting       | 4 5 6 7 8 |  8.3

Action                   |  1- 3 |  4- 6 |  7- 9 || total
-------------------------+-------+-------+-------++-------
Melee: Unarmed           |    31 |    29 |    27 ||    87
       Kick              |       |    10 |     8 ||    18
       Tailslap          |       |     7 |     7 ||    14
Evoke: Wand              |       |       |     2 ||     2
  Use: Potion            |     1 |     2 |     7 ||    10
 Stab: Invisible         |       |     6 |       ||     6
Armor: Scale mail        |     5 |     1 |       ||     6
       Chain mail        |       |     6 |     6 ||    12
Dodge: Dodged            |    10 |    11 |     6 ||    27
Block: Buckler           |     6 |     6 |     3 ||    15

Table legend: (Time is in decaauts)
 A = Elapsed time spent in this place.
 B = Non-inter-level travel time spent in this place.
 C = Inter-level travel time spent in this place.
 D = Time resting spent in this place.
 E = Time spent auto-exploring this place.
 F = Levels seen in this place.
 G = Mean time per level.
                   A        B        C        D        E       F      G
               +--------+--------+--------+--------+--------+-----+--------+
         Total |    218 |    218 |      0 |      0 |      0 |   1 |  218.0 |
       Dungeon |    218 |    218 |      0 |      0 |      0 |   1 |  218.0 |
               +--------+--------+--------+--------+--------+-----+--------+

Top non-repeatable levels by time:
       D: 218 daAuts
